 Dungeon Crawl Stone Soup version 0.30.1-11-g7821555f0a (webtiles) character file.

Game seed: 15107613926362575617

378193 Peloso the Minotaur Barricade (level 21, 0/211 HPs)
             Began as a Minotaur Fighter on Dec 1, 2023.
             Was the Champion of Okawaru.
             Killed by an exploding vault warden (13 damage)
             ... ignited by their inner flame
             ... on level 5 of the Vaults on Dec 2, 2023.
             The game lasted 02:20:15 (49826 turns).

Peloso the Minotaur Barricade (Minotaur Fighter)   Turns: 49826, Time: 02:20:16

Health: 0/211      AC: 37    Str: 28    XL:     21   Next: 84%
Magic:  21/21      EV: 14    Int:  7    God:    Okawaru [******]
Gold:   5706       SH: 31    Dex: 30    Spells: 20/20 levels left

rFire   + . .        a - +5 double sword (vamp)
rCold   + + +        d - +2 tower shield {rF+}
rNeg    . . .        Z - +4 crystal plate armour of the Salmon {Int+2}
rPois   +            S - +1 hat of Hugack {rElec rPois rC+}
rElec   +            s - +2 cloak {Will+}
rCorr   .            V - +2 pair of gloves of Quata {Int+3 Dex+3 SInv}
SInv    +            y - +0 pair of boots of Lust {rElec Str+2}
Will    +++..        T - amulet of Descent {Regen+ Str+2} Stlth
                     J - ring "Puibiosy" {rC++ Will+ AC+4 Int-3 Dex+3}
HPRegen 1.35/turn    X - +6 ring of dexterity
MPRegen 0.17/turn

%: no passive effects
@: flayed, corroded
A: horns 2, retaliatory headbutt, fangs 1
}: 2/15 runes: serpentine, barnacled
a: Renounce Religion, Heroism, Finesse, Duel


You were on level 5 of the Vaults.
You worshipped Okawaru.
Okawaru was exalted by your worship.
You visited 8 branches of the dungeon, and saw 39 of its levels.
You also visited: Sewer.

You collected 6501 gold pieces.
You spent 795 gold pieces at shops.

Inventory:

Hand Weapons
 a - a +5 vampiric double sword (weapon)
 b - a +1 scimitar of flaming
 c - a +1 demon blade of pain
Missiles
 j - a throwing net (quivered)
Armour
 d - a +2 tower shield of fire resistance (worn)
 s - a +2 cloak of willpower (worn)
 y - the +0 pair of boots of Lust (worn) {rElec Str+2}
   (Okawaru gifted it to you on level 2 of the Elven Halls)

   Str:       It affects your strength (+2).
   rElec:     It insulates you from electricity.
 A - a scarf of resistance
 I - the +4 plate armour of Qiam Xia {Will+}
   (You found it on level 3 of the Vaults)

   Will:      It increases your willpower.
 L - +0 storm dragon scales
 S - the +1 hat of Hugack (worn) {rElec rPois rC+}
   (You found it on level 2 of the Orcish Mines)

   rC:        It protects you from cold.
   rElec:     It insulates you from electricity.
   rPois:     It protects you from poison.
 V - the +2 pair of gloves of Quata (worn) {Int+3 Dex+3 SInv}
   (You found it on level 2 of the Lair of Beasts)

   Int:       It affects your intelligence (+3).
   Dex:       It affects your dexterity (+3).
   SInv:      It lets you see invisible.
 Z - the +4 crystal plate armour of the Salmon (worn) {Int+2}
   (Okawaru gifted it to you on level 5 of the Lair of Beasts)

   Int:       It affects your intelligence (+2).
Jewellery
 h - a ring of protection from cold
 w - a +4 ring of protection
 D - an amulet of the acrobat
 J - the ring "Puibiosy" (left hand) {rC++ Will+ AC+4 Int-3 Dex+3}
   (You took it off a deep elf elementalist on level 3 of the Elven Halls)

   [ring of protection]

   AC:        It affects your AC (+4).
   Int:       It affects your intelligence (-3).
   Dex:       It affects your dexterity (+3).
   rC:        It greatly protects you from cold.
   Will:      It increases your willpower.
 Q - an amulet of reflection
 T - the amulet of Descent (around neck) {Regen+ Str+2}
   (You found it on level 2 of the Orcish Mines)

   [amulet of regeneration]

   Str:       It affects your strength (+2).
   Regen:     It increases your rate of health regeneration.
 X - a +6 ring of dexterity (right hand)
Wands
 r - a wand of paralysis (18)
 v - a wand of digging (2)
 E - a wand of iceblast (8)
 K - a wand of quicksilver (5)
Scrolls
 e - 8 scrolls of teleportation
 g - 10 scrolls of identify
 n - 4 scrolls of magic mapping
 p - 9 scrolls of blinking
 t - 2 scrolls of acquirement
 z - 5 scrolls of poison
 B - 8 scrolls of immolation
 F - a scroll of amnesia
 G - a scroll of fog
 H - a scroll of enchant weapon
 W - 7 scrolls of fear
Potions
 i - 10 potions of flight
 l - 5 potions of heal wounds
 m - 3 potions of might
 o - 2 potions of cancellation
 q - 2 potions of mutation
 u - 11 potions of haste
 x - 3 potions of brilliance
 C - a potion of berserk rage
 M - a potion of magic
 R - 2 potions of invisibility
 Y - 16 potions of curing
Miscellaneous
 f - a condenser vane
 k - a phantom mirror


   Skills:
 + Level 23.1 Fighting
 + Level 23.0 Long Blades
 + Level 2.3 Axes
 + Level 19.7 Armour
 + Level 8.6 Dodging
 + Level 3.7 Stealth
 O Level 27 Shields
 + Level 2.0 Invocations
 + Level 2.1 Evocations


You had 20 spell levels left.
You didn't know any spells.
Your spell library contained the following spells:

 Spells                   Type           Power      Damage    Failure   Level
 Sandblast                Erth           0%         2d4       99%         1
 Shock                    Conj/Air       0%         1d3       99%         1
 Blink                    Tloc           0%         N/A       100%        2
 Ensorcelled Hibernation  Hex/Ice        0%         N/A       100%        2
 Lesser Beckoning         Tloc           0%         N/A       100%        2
 Momentum Strike          Conj/Tloc      0%         3d8       100%        2
 Passwall                 Tmut/Erth      0%         N/A       100%        2
 Dazzling Flash           Conj/Hex       0%         N/A       100%        3
 Gell's Gravitas          Tloc           0%         N/A       100%        3
 Inner Flame              Hex/Fire       0%         N/A       100%        3
 Ozocubu's Armour         Ice            0%         N/A       100%        3
 Spider Form              Tmut/Pois      0%         N/A       100%        3
 Stone Arrow              Conj/Erth      0%         3d7       100%        3
 Swiftness                Air            0%         N/A       100%        3
 Vhi's Electric Charge    Tloc/Air       0%         N/A       100%        3
 Airstrike                Air            0%         2d(0-16)  100%        4
 Anguish                  Hex/Necr       0%         N/A       100%        4
 Flame Wave               Conj/Fire      0%         2d4       100%        4
 Manifold Assault         Tloc           0%         N/A       100%        4
 Petrify                  Tmut/Erth      0%         N/A       100%        4
 Sticky Flame             Conj/Fire      0%         2d3       100%        4
 Agony                    Necr           0%         N/A       100%        5
 Arcjolt                  Conj/Air       0%         1d10      100%        5
 Blade Hands              Tmut           0%         N/A       100%        5
 Irradiate                Conj/Tmut      0%         3d11      100%        5
 Iskenderun's Battlesphe  Conj           0%         2d6       100%        5
 Metabolic Englaciation   Hex/Ice        0%         N/A       100%        5
 Silence                  Hex/Air        0%         N/A       100%        5
 Dispersal                Tloc           0%         N/A       100%        6
 Iron Shot                Conj/Erth      0%         9d1       100%        6
 Statue Form              Tmut/Erth      0%         N/A       100%        6
 Dragon Form              Tmut           0%         N/A       100%        7
 Ozocubu's Refrigeration  Ice            0%         4d7       100%        7
 Disjunction              Tloc           0%         N/A       100%        8
 Maxwell's Capacitive Co  Air            0%         ∞         100%        8
 Polar Vortex             Ice            0%         N/A       100%        9
 Shatter                  Erth           0%         3d5*      100%        9
 Animate Armour           Summ/Erth      Unusable   N/A       N/A         4
 Simulacrum               Ice/Necr       Unusable   N/A       N/A         6
 Haunt                    Necr/Summ      Unusable   N/A       N/A         7
 Spellforged Servitor     Conj/Summ      Unusable   N/A       N/A         7
 Summon Horrible Things   Summ           Unusable   N/A       N/A         8

Dungeon Overview and Level Annotations

Branches:
Dungeon (15/15)            Temple (1/1) D:7            Lair (5/5) D:11
 Shoals (4/4) Lair:3        Snake (4/4) Lair:2        Slime (0/5) Lair:5
    Orc (2/2) D:9             Elf (3/3) Orc:2        Vaults (5/5) D:14
  Crypt (0/3) Vaults:2     Depths (0/4) D:15          Sewer (visited)

Altars:
Ashenzari
Cheibriados
Elyvilon
Fedhas
Gozag
Kikubaaqudgha
Makhleb
Nemelex Xobeh
Okawaru
Sif Muna
Trog
Uskayaw
Vehumet
Wu Jian
Xom
Yredelemnul
The Shining One

Shops:
D:10 *   D:11 (   Orc:1 =   Orc:2 *[*:   Elf:2 *   Shoals:3 :(   Snake:1 (
Snake:4 *

Portals:
Pandemonium: Orc:2

Annotations:
Shoals:1 flight
Elf:1 1 runed translucent door


Innate Abilities, Weirdness & Mutations

You have a pair of horns on your head.
You reflexively headbutt those who attack you in melee.
You have very sharp teeth.


Message History

The yaktaur captain is engulfed in blazing flames.
Flame seeps out of the yaktaur captain.
The ironbound preserver is engulfed in blazing flames.
Okawaru accepts your kill.
The ironbound preserver explodes!
The fiery explosion engulfs the flayed ghost!!
Flame seeps out of the flayed ghost.
The flayed ghost is moderately damaged.
The fiery explosion engulfs the fire elemental.
The fire elemental completely resists.
The fiery explosion engulfs the deep elf high priest!!!
Flame seeps out of the deep elf high priest.
The deep elf high priest is almost dead.
The fiery explosion engulfs the yaktaur!!
Flame seeps out of the yaktaur.
The yaktaur is severely wounded.
The fiery explosion engulfs the yaktaur captain!
Flame seeps out of the yaktaur captain.
The yaktaur captain is lightly wounded.
The fiery explosion engulfs the vault warden!!
Flame seeps out of the vault warden.
The vault warden is almost dead.
Flame seeps out of the ironbound preserver.
The vault warden is engulfed in blazing flames.
Okawaru accepts your kill.
The runic seals fade away.
The vault warden explodes!
The fiery explosion engulfs the yaktaur!
Flame seeps out of the yaktaur.
The yaktaur is almost dead.
The fiery explosion engulfs the ironbound preserver!!
The ironbound preserver resists.
Okawaru accepts your kill.
The fiery explosion engulfs the deep elf high priest!!
Okawaru accepts your kill.
The fiery explosion engulfs the deep elf demonologist!!
Flame seeps out of the deep elf demonologist.
The deep elf demonologist is severely wounded.
The fiery explosion engulfs you! You resist.
You die...

## #....# #§§
#§c§§# .§§#
#.§§§#
.☼§##§☼§☼#####.
#☼§#c§§§#§§☼..
#§§☼☼§☼§§§☼...
#####§2§☼§C§§####
§§§§W§c§§§☼§§§☼..
.§§§E○§@D§§§☼☼§..
§☼§☼§c§§4§§§§§§..
§§§§1§ee§§☼§§§§..
#####ec4§§§§§####
e°E.§§§§§§§§
#uCc#§☼§☼#§§§.
cc§§#§§§§#§§##
#.°#§#§☼§§# §§


You could see a storm dragon (inner flame, sheltered), a Tzitzimitl (summoned),
a frost giant (inner flame, empowered, poisoned), a purple very ugly thing
(inner flame), a fire giant (inner flame, empowered, very poisoned), 5 yaktaur
captains, a green death (summoned, inner flame, sheltered), a deep elf sorcerer
(fast, inner flame, empowered, sheltered, poisoned), a flayed ghost (inner
flame, sheltered), a deep elf demonologist (inner flame, empowered, sheltered),
3 yaktaurs, an ice devil (summoned, inner flame, sheltered), a rust devil
(summoned, inner flame, sheltered), a deep elf zephyrmancer (inner flame,
empowered, poisoned) and 2 fire elementals.

Vanquished Creatures
  Sojobo (Vaults:2)
  Saint Roka (Vaults:2)
  A golden dragon (Vaults:5)
  Jorgrun (Snake:2)
  A tentacled monstrosity (Vaults:4)
  3 deep elf blademasters (Elf:3)
  A lich (Vaults:1)
  2 deep elf master archers (Elf:3)
  A sphinx (Vaults:3)
  3 tengu reavers
  Donald (Vaults:2)
  2 storm dragons (Vaults:4)
  Roxanne (D:15)
  2 fire giants (Vaults:1)
  10 vault wardens
  4 deep elf sorcerers (Elf:3)
  Louise (D:15)
  An iron dragon (Vaults:4)
  2 frost giants
  A ghoul (Vaults:2)
  4 deep elf elementalists
  15 ironbound preservers
  14 very ugly things
  2 orc warlords
  2 stone giants (Vaults:4)
  2 war gargoyles
  A vampire knight (Vaults:2)
  The ghost of kalagan the Destroyer, a journeyman DECj of Sif Muna (Orc:2)
  14 dire elephants
  Azrael (Elf:1)
  11 ironbound thunderhulks
  2 deep elf demonologists
  10 deep elf annihilators
  4 ettins
  2 crystal guardians
  2 entropy weavers (Vaults:4)
  11 yaktaur captains
  3 deep elf death magi (Elf:3)
  A rakshasa (D:13)
  The ghost of dandone the Severer, a journeyman MiFi of Trog (Lair:2)
  14 merfolk impalers
  4 merfolk javelineers
  5 great orbs of eyes
  31 vault guards
  3 salamander tyrants (Snake:4)
  Fannar (Orc:1)
  4 deep elf high priests
  4 hydras
  3 peacekeepers
  2 demonspawn (Orc:2)
  The ghost of Ihait the Thaumaturge, a journeyman DECj of Sif Muna (Lair:3)
  20 centaur warriors
  14 anacondas
  2 catoblepae
  9 boulder beetles
  7 ironbound frosthearts
  7 merfolk aquamancers
  6 merfolk avatars
  26 dancing weapons
  A deep troll shaman (Lair:5)
  A satyr (Shoals:4)
  A two-headed ogre (shapeshifter) (Vaults:4)
  8 death yaks (Lair:5)
  11 naga warriors
  3 two-headed ogres
  A vampire mage (Lair:4)
  Urug (D:10)
  6 orc high priests (Orc:2)
  A tengu warrior (D:14)
  6 naga sharpshooters
  2 shock serpents
  A hell knight (Vaults:1)
  Sonja (Lair:1)
  11 deep elf knights
  5 salamander mystics
  7 skysharks
  A titan skeleton (Vaults:4)
  Lodul (D:12)
  11 sea snakes
  6 skeletal warriors
  46 deep trolls
  An obsidian statue (D:13)
  A kraken simulacrum (Shoals:4)
  18 ironbound convokers
  6 naga ritualists
  4 necromancers
  29 harpies
  7 lindwurms
  2 phantasmal warriors
  6 wizards
  An orange crystal statue (D:13)
  7 deep elf archers
  6 mana vipers
  27 deep elf zephyrmancers
  8 orc knights
  26 ugly things
  13 deep elf pyromancers
  27 elephants
  7 fauns
  7 orc sorcerers
  13 manticores
  2 fire giant zombies
  21 salamanders
  2 cyclopes
  33 black mambas
  15 naga magi
  11 merfolk sirens
  A frost giant skeleton (D:15)
  16 vault sentinels
  A moth of wrath (Orc:2)
  Joseph (D:10)
  9 cane toads
  9 guardian serpents
  9 water nymphs
  2 torpor snails
  29 yaktaurs
  A rime drake (Lair:1)
  A freezing wraith (Vaults:2)
  2 efreet
  2 unseen horror zombies (D:10)
  15 komodo dragons
  A spriggan skeleton (D:15)
  A yaktaur skeleton (Vaults:4)
  2 polar bears
  A queen bee (shapeshifter) (D:13)
  8 wind drakes
  A hellwing (Orc:2)
  33 merfolk
  A hornet (D:9)
  8 trolls
  A tarantella (shapeshifter) (Vaults:4)
  13 blink frogs
  10 dream sheep
  14 snapping turtles
  A spriggan zombie (D:15)
  17 slime creatures
  3 air elementals
  A shadow (D:12)
  2 wraiths
  27 yaks
  14 water elementals
  8 wyverns
  Eustachio (D:6)
  7 humans
  A redback (shapeshifter) (Vaults:1)
  2 fire elementals (Elf:1)
  4 redbacks (Vaults:4)
  8 basilisks
  An elf skeleton (Vaults:4)
  11 vampire mosquitoes
  A chaos spawn (Orc:2)
  A steam dragon (Lair:3)
  33 nagas
  16 wargs
  A hell hound (Elf:1)
  An acid dragon (D:9)
  16 water moccasins
  Duvessa (D:6)
  An ice beast (D:5)
  A sky beast (D:6)
  3 black bears
  6 boggarts
  50 orc warriors
  16 ogres
  5 centaurs
  23 wolves
  A centaur (shapeshifter) (Elf:2)
  2 phantoms (D:5)
  3 kobold brigands
  2 earth elementals (Elf:1)
  12 bullfrogs
  A scorpion (D:6)
  4 wights
  Dowan (D:6)
  4 electric eels
  A howler monkey (D:9)
  A bullfrog zombie (D:5)
  9 centaur zombies
  A hound (D:5)
  A jelly (D:8)
  A lava snake (Snake:1)
  Crazy Yiuf (D:6)
  4 iron imps
  33 orc priests
  2 gnoll boudas
  A centaur skeleton (D:5)
  2 iguanas
  29 orc wizards
  3 sleepcaps
  A killer bee zombie (D:5)
  2 howler monkey zombies
  14 gnolls
  10 adders
  8 river rats (Sewer)
  A shadow imp (D:7)
  2 white imps
  An ufetubus (D:4)
  2 worms
  A dart slug (D:4)
  94 orcs
  3 endoplasms
  2 giant cockroaches (D:4)
  10 hobgoblins
  5 jackals
  4 quokkas
  20 ball pythons
  7 bats
  4 frilled lizards
  2 goblins
  14 kobolds
  32 rats
1571 creatures vanquished.

Vanquished Creatures (others)
  A merfolk impaler (Shoals:1)
  A vault guard (D:14)
  4 deep elf knights
  3 wizards
  A deep elf pyromancer (Elf:1)
  A deep elf zephyrmancer (Elf:2)
  A harpy (Shoals:2)
  A snapping turtle (Shoals:1)
  An air elemental (Elf:3)
  A human (D:14)
  A hell hound (Elf:1)
  21 tentacles
37 creatures vanquished.

Grand Total: 1608 creatures vanquished

Notes
Turn   | Place    | Note
-------+----------+-------------------------------------------
     0 | D:1      | Peloso the Minotaur Fighter began the quest for the Orb.
     0 | D:1      | Reached XP level 1. HP: 19/19 MP: 0/0
   149 | D:1      | Gained mutation: You have very sharp teeth. [potion of
                  | mutation]
   269 | D:1      | Reached XP level 2. HP: 26/27 MP: 1/1
   595 | D:2      | Reached skill level 4 in Shields
   803 | D:2      | Reached XP level 3. HP: 33/33 MP: 2/2
  1959 | D:3      | Noticed a centaur
  1971 | D:3      | Killed a centaur
  1972 | D:3      | Reached XP level 4. HP: 28/41 MP: 3/3
  2162 | D:4      | Reached XP level 5. HP: 44/47 MP: 4/4
  2177 | D:4      | Noticed an ogre
  2185 | D:4      | Killed an ogre
  2186 | D:4      | Reached skill level 1 in Dodging
  2254 | D:4      | Reached skill level 5 in Long Blades
  2254 | D:4      | Reached skill level 5 in Armour
  2258 | D:4      | Reached skill level 1 in Evocations
  2258 | D:4      | Reached XP level 6. HP: 49/53 MP: 5/5
  2552 | D:4      | Found a snail-covered altar of Cheibriados.
  2698 | D:5      | Entered Level 5 of the Dungeon
  2724 | D:5      | Reached skill level 1 in Stealth
  2730 | D:5      | Found a broken altar of Ashenzari.
  2760 | D:5      | Reached XP level 7. HP: 39/60 MP: 6/6
  2868 | D:5      | Reached skill level 5 in Fighting
  2941 | D:5      | Found a glowing drain.
  2963 | Sewer    | Entered a sewer
  3372 | Sewer    | Reached XP level 8. HP: 60/68 MP: 7/7
  3379 | Sewer    | Reached skill level 5 in Shields
  3519 | Sewer    | Identified a scroll of acquirement
  3857 | D:5      | Found a glowing golden altar of the Shining One.
  4221 | D:6      | Noticed Duvessa
  4223 | D:6      | Noticed Dowan
  4365 | D:6      | Killed Duvessa
  4380 | D:6      | Killed Dowan
  4393 | D:6      | Reached skill level 6 in Shields
  4761 | D:6      | Reached XP level 9. HP: 78/78 MP: 8/8
  4793 | D:6      | Noticed Eustachio
  4818 | D:6      | Killed Eustachio
  5268 | D:6      | Found a white marble altar of Elyvilon.
  5268 | D:6      | Found a shimmering altar of Xom.
  5276 | D:6      | Found a faded altar of an unknown god.
  5278 | D:6      | Found a faded altar of an unknown god.
  5280 | D:6      | Found a shimmering blue altar of Sif Muna.
  5488 | D:6      | Reached skill level 10 in Long Blades
  5675 | D:6      | Found a runed translucent door.
  5676 | D:6      | Noticed Crazy Yiuf
  5853 | D:6      | Killed Crazy Yiuf
  5969 | D:7      | Found a staircase to the Ecumenical Temple.
  5979 | Temple   | Entered the Ecumenical Temple
  6025 | Temple   | Became a worshipper of Warmaster Okawaru
  7301 | D:8      | Noticed a manticore
  7302 | D:8      | Noticed a troll
  7887 | D:8      | Reached * piety under Okawaru
  7921 | D:8      | Found a radiant altar of Vehumet.
  7956 | D:8      | Killed a troll
  7957 | D:8      | Reached XP level 10. HP: 11/86 MP: 7/9
  8546 | D:8      | Killed a manticore
  8747 | D:9      | Noticed a boulder beetle
  8780 | D:9      | HP: 2/88 [wraith (10)]
  8782 | D:9      | Killed a boulder beetle
  8782 | D:9      | Reached ** piety under Okawaru
  8783 | D:9      | Reached skill level 10 in Armour
  8783 | D:9      | Reached skill level 7 in Shields
  9295 | D:9      | Reached skill level 5 in Dodging
  9359 | D:9      | Reached *** piety under Okawaru
 10077 | D:9      | Found a burning altar of Makhleb.
 10170 | D:9      | Found a staircase to the Orcish Mines.
 10215 | D:10     | Entered Level 10 of the Dungeon
 10529 | D:10     | Found Fon Hygg's Assorted Antiques.
 10557 | D:10     | Bought a sedimented pink potion for 26 gold pieces
 10639 | D:10     | Reached **** piety under Okawaru
 10640 | D:10     | Reached XP level 11. HP: 75/95 MP: 10/10
 10718 | D:10     | Found a basalt altar of Yredelemnul.
 10737 | D:10     | Reached skill level 8 in Shields
 10870 | D:10     | Noticed Urug
 10885 | D:10     | Killed Urug
 10896 | D:10     | Identified the ring "Adghut" {Wiz rF+ Dex-4 Slay+5 SInv}
 11150 | D:10     | Noticed Joseph
 11163 | D:10     | Killed Joseph
 11731 | D:11     | Found Sutzesod's Weapon Boutique.
 11762 | D:11     | Noticed a two-headed ogre
 11769 | D:11     | Killed a two-headed ogre
 11769 | D:11     | Reached ***** piety under Okawaru
 12008 | D:11     | Found a staircase to the Lair.
 12052 | D:11     | Reached skill level 10 in Fighting
 12256 | D:11     | Received a gift from Okawaru
 12273 | D:11     | Identified the +10 hand axe "Sirazedi" {flame, rC- rN+
                  | rCorr Dex+4}
 12273 | D:11     | Identified the +0 ring mail of Good Intentions {Fly rElec
                  | Str-3}
 12948 | D:12     | Noticed Lodul
 12982 | D:12     | Killed Lodul
 13094 | D:12     | Found an opulent altar of Gozag.
 13096 | D:12     | Noticed a two-headed ogre
 13105 | D:12     | Killed a two-headed ogre
 13181 | D:12     | Reached XP level 12. HP: 90/107 MP: 11/11
 13731 | D:12     | Noticed a two-headed ogre
 13736 | D:12     | Killed a two-headed ogre
 14009 | Lair:1   | Entered Level 1 of the Lair of Beasts
 14119 | Lair:1   | Received a gift from Okawaru
 14541 | Lair:1   | Reached ****** piety under Okawaru
 14656 | Lair:1   | Reached skill level 15 in Long Blades
 14674 | Lair:1   | Received a gift from Okawaru
 14698 | Lair:1   | Reached skill level 9 in Shields
 14762 | Lair:1   | Noticed Sonja
 14774 | Lair:1   | Killed Sonja
 15079 | Lair:1   | Identified the +2 robe of Incorporation {rC++}
 15775 | Lair:2   | Reached XP level 13. HP: 119/119 MP: 12/12
 15826 | Lair:2   | Reached skill level 10 in Shields
 15848 | Lair:2   | Received a gift from Okawaru
 15932 | Lair:2   | Reached skill level 1 in Axes
 15933 | Lair:2   | Noticed dandone's ghost (journeyman MiFi)
 15939 | Lair:2   | Found a runed translucent gate.
 15939 | Lair:2   | Found a runed translucent gate.
 15939 | Lair:2   | Found a runed translucent gate.
 16025 | Lair:2   | Found a staircase to the Snake Pit.
 16327 | Lair:2   | Identified the +0 hat "Yfeliari" {-Tele +Inv rPois}
                  | (Okawaru gifted it to you on level 2 of the Lair of Beasts)
 16327 | Lair:2   | Received a gift from Okawaru
 16585 | Lair:2   | Killed dandone's ghost
 16619 | Lair:2   | Identified the +2 pair of gloves of Quata {Int+3 Dex+3
                  | SInv}
 16738 | Lair:3   | Reached skill level 11 in Shields
 16894 | Lair:3   | Found a runed translucent door.
 16995 | Lair:3   | Found a staircase to the Shoals.
 17480 | Lair:3   | Noticed Ihait's ghost (journeyman DECj)
 17871 | Orc:1    | Entered Level 1 of the Orcish Mines
 17914 | Orc:1    | Reached skill level 12 in Shields
 18010 | Orc:1    | Noticed Fannar
 18027 | Orc:1    | Killed Fannar
 18055 | Orc:1    | Found Muudorphi's Jewellery Emporium.
 18612 | Orc:1    | Received a gift from Okawaru
 18613 | Orc:1    | Reached XP level 14. HP: 132/132 MP: 10/13
 18851 | Orc:2    | Entered Level 2 of the Orcish Mines
 19078 | Orc:2    | Noticed an orc warlord
 19125 | Orc:1    | Killed an orc warlord
 19554 | Orc:2    | Found Syel Nan's General Store.
 19875 | Orc:2    | Found Coosiski's General Store.
 20146 | Orc:2    | Found a transporter.
 20160 | Orc:2    | Noticed kalagan's ghost (journeyman DECj)
 20163 | Orc:2    | Found a staircase to the Elven Halls.
 20172 | Orc:2    | Found a transporter.
 20572 | Orc:2    | Paralysed by an orc sorcerer for 2 turns
 20611 | Orc:2    | Reached skill level 13 in Shields
 20656 | Orc:2    | HP: 3/130 [orc high priest/divine providence (14)]
 21094 | Orc:2    | Reached skill level 15 in Fighting
 21103 | Orc:2    | Paralysed by an orc sorcerer for 5 turns
 21137 | Orc:2    | Received a gift from Okawaru
 21186 | Orc:2    | Found Pokosam's Book Shoppe.
 21186 | Orc:2    | Found Xuutseopyr's Antique Armour Emporium.
 21187 | Orc:2    | Found a one-way gate leading to the halls of Pandemonium.
 21199 | Orc:2    | Bought a crude chain mail for 304 gold pieces
 21199 | Orc:2    | Identified the +0 chain mail of Defiance {Rampage rElec
                  | Int-4} (You bought it in a shop on level 2 of the Orcish
                  | Mines)
 21199 | Orc:2    | Bought a pair of glowing boots for 240 gold pieces
 22667 | D:14     | Reached skill level 14 in Shields
 22748 | D:14     | Found a gate to the Vaults.
 22930 | D:14     | Found a transporter.
 23514 | Lair:4   | Reached XP level 15. HP: 143/143 MP: 14/14
 23602 | Lair:3   | Identified the +10 plate armour of Optimism {Int+6}
 23970 | Lair:4   | Reached skill level 1 in Invocations
 24194 | Lair:4   | Found a runed translucent door.
 24525 | Lair:5   | Entered Level 5 of the Lair of Beasts
 24912 | Lair:5   | Found a staircase to the Slime Pits.
 24997 | Lair:5   | Identified the +4 crystal plate armour of the Salmon
                  | {Int+2} (Okawaru gifted it to you on level 5 of the Lair of
                  | Beasts)
 24997 | Lair:5   | Received a gift from Okawaru
 25079 | Lair:5   | Reached skill level 15 in Shields
 25716 | Lair:5   | Reached skill level 15 in Armour
 25886 | Lair:5   | Identified the staff of fire "Qosheime" {rF+ rCorr Int+3}
 26513 | D:15     | Entered Level 15 of the Dungeon
 26692 | D:15     | Found a staircase to the Depths.
 26816 | D:15     | Got the Tome of the Gathering and Portals
 27013 | D:15     | Noticed Louise
 27032 | D:15     | Killed Louise
 27246 | D:15     | Identified Roxanne's Quarto of Quicksand
 27246 | D:15     | Noticed Roxanne
 27280 | D:15     | Killed Roxanne
 27814 | Orc:2    | Identified the +1 hat of Hugack {rElec rPois rC+}
 27933 | Orc:2    | Reached skill level 16 in Shields
 27963 | Orc:2    | Killed kalagan's ghost
 27969 | Orc:2    | Identified the amulet of Descent {Regen+ Str+2}
 28914 | D:13     | Identified the +3 demon blade of Okawaru's Esteem {drain,
                  | Int+4} (Okawaru gifted it to you on level 13 of the
                  | Dungeon)
 28914 | D:13     | Received a gift from Okawaru
 29012 | D:13     | Identified the +0 ring mail of the Elephant {Dex+3}
 29288 | Lair:3   | Killed Ihait's ghost
 29613 | Snake:1  | Entered Level 1 of the Snake Pit
 29865 | Snake:1  | Reached XP level 16. HP: 154/155 MP: 15/15
 30066 | Snake:1  | Received a gift from Okawaru
 30331 | Snake:1  | Found Suziro Mesm's Antique Weapon Boutique.
 30355 | Snake:1  | Reached skill level 17 in Shields
 30628 | Shoals:1 | Entered Level 1 of the Shoals
 31094 | Shoals:1 | Identified the +0 ring mail of the Evening Star {rN+ Str+2
                  | Int-4 Stlth+} (Okawaru gifted it to you on level 1 of the
                  | Shoals)
 31094 | Shoals:1 | Received a gift from Okawaru
 31611 | Shoals:1 | You fall into a shaft and drop 1 floor!
 31627 | Shoals:2 | Reached skill level 18 in Shields
 33250 | Snake:2  | Reached XP level 17. HP: 134/163 MP: 17/17
 33315 | Snake:2  | Reached skill level 19 in Shields
 33394 | Snake:2  | Noticed Jorgrun
 33409 | Snake:2  | Killed Jorgrun
 33409 | Snake:2  | Received a gift from Okawaru
 34462 | Elf:1    | Entered Level 1 of the Elven Halls
 34462 | Elf:1    | Found a runed translucent gate.
 34462 | Elf:1    | Found a runed translucent gate.
 34462 | Elf:1    | Found a runed translucent gate.
 34462 | Elf:1    | Found a runed translucent gate.
 34462 | Elf:1    | Found a runed translucent gate.
 34462 | Elf:1    | Found a runed translucent gate.
 34463 | Elf:1    | Found a runed translucent door.
 34607 | Elf:1    | Found a runed translucent door.
 34694 | Elf:1    | Noticed Azrael
 34718 | Elf:1    | Killed Azrael
 34813 | Elf:1    | Received a gift from Okawaru
 34820 | Elf:1    | Identified the +1 war axe of Outrage {venom, rElec rF-
                  | rN+++ Int+3}
 35629 | Elf:1    | You fall into a shaft and drop 1 floor!
 35661 | Elf:2    | Found a runed translucent gate.
 35661 | Elf:2    | Found a runed translucent gate.
 35661 | Elf:2    | Found a runed translucent gate.
 35692 | Elf:2    | Identified the +6 dagger of Obsession {venom, Fragile rElec
                  | Dex+4}
 35745 | Elf:2    | Paralysed by an air elemental for 1 turns
 35750 | Elf:2    | Identified the +0 pair of boots of Lust {rElec Str+2}
                  | (Okawaru gifted it to you on level 2 of the Elven Halls)
 35750 | Elf:2    | Received a gift from Okawaru
 35780 | Elf:2    | Noticed a Tzitzimitl
 35846 | Elf:2    | Reached skill level 20 in Shields
 35891 | Elf:2    | Paralysed by an air elemental for 1 turns
 35893 | Elf:2    | Paralysed by an air elemental for 1 turns
 36180 | Elf:2    | Found Pieclus's Assorted Antiques.
 36440 | Elf:3    | Entered Level 3 of the Elven Halls
 36612 | Elf:3    | Noticed a deep elf blademaster
 36618 | Elf:3    | Noticed a deep elf blademaster
 36618 | Elf:3    | Noticed a deep elf master archer
 36618 | Elf:3    | Noticed a deep elf blademaster
 36759 | Elf:3    | Killed a deep elf blademaster
 36936 | Elf:3    | Killed a deep elf blademaster
 36999 | Elf:3    | Identified the +8 quarterstaff of the Ferocious God {flame,
                  | rPois Int+5 Dex+3}
 36999 | Elf:3    | Identified the amulet "Ischob" {Faith Dex+6}
 37006 | Elf:3    | Identified the +6 rapier of Keaxuqan {venom, rCorr Int+4
                  | Dex+4}
 37006 | Elf:3    | Identified the ring "Puymad" {EV+5 Int+3}
 37024 | Elf:3    | Noticed a deep elf master archer
 37060 | Elf:3    | Killed a deep elf master archer
 37084 | Elf:3    | Reached XP level 18. HP: 67/174 MP: 18/18
 37604 | Elf:3    | Identified the ring of Beogh's Pride {Contam rC+ Will+++
                  | rCorr MP+9 Dex-4}
 37623 | Elf:3    | Identified the ring "Puibiosy" {rC++ Will+ AC+4 Int-3
                  | Dex+3}
 37714 | Elf:3    | Received a gift from Okawaru
 37792 | Elf:3    | Reached skill level 21 in Shields
 37873 | Elf:3    | Identified the +0 scale mail of Altruism {rElec Str+2}
 38224 | Elf:3    | Identified the staff of air "Reipuosi" {rElec rC++ rN+}
 38708 | Elf:2    | Identified the +2 robe "Duexewer" {Int+3 Stlth+} (Okawaru
                  | gifted it to you on level 2 of the Elven Halls)
 38708 | Elf:2    | Received a gift from Okawaru
 39921 | Snake:4  | Entered Level 4 of the Snake Pit
 40074 | Snake:4  | Found Bagoys's General Store.
 40081 | Snake:4  | Bought 2 scrolls of magic mapping for 225 gold pieces
 40425 | Snake:4  | Reached skill level 22 in Shields
 40918 | Snake:4  | Got a serpentine rune of Zot
 41129 | Shoals:3 | Found Erghi's Weapon Shoppe.
 41534 | Shoals:3 | Reached XP level 19. HP: 185/185 MP: 19/19
 41606 | Shoals:3 | Found Qumuan's Self-Improvement Boutique.
 41636 | Shoals:3 | Identified the +7 shortbow "Macacs" {flame, rPois rN+
                  | Dex+2} (Okawaru gifted it to you on level 3 of the Shoals)
 41636 | Shoals:3 | Received a gift from Okawaru
 41864 | Shoals:4 | Entered Level 4 of the Shoals
 42395 | Shoals:4 | Reached skill level 23 in Shields
 43399 | Shoals:4 | Identified the staff of air "Enyl" {rElec Will+ Dex+3}
 43663 | Shoals:4 | Got a barnacled rune of Zot
 44232 | Vaults:1 | Entered Level 1 of the Vaults
 44651 | Vaults:1 | Identified the +1 cloak of the Countless Allies {rElec
                  | Will- Dex-2 Slay+5} (Okawaru gifted it to you on level 1 of
                  | the Vaults)
 44651 | Vaults:1 | Received a gift from Okawaru
 44857 | Vaults:1 | Reached skill level 24 in Shields
 45428 | Vaults:1 | Found the +5 glaive of the Guard {elec, spectral, AC+5}
 45730 | Vaults:2 | Reached XP level 20. HP: 195/195 MP: 20/20
 45735 | Vaults:2 | Noticed Donald
 45750 | Vaults:2 | Killed Donald
 45782 | Vaults:2 | Received a gift from Okawaru
 46000 | Vaults:2 | Noticed Saint Roka
 46014 | Vaults:2 | Reached skill level 25 in Shields
 46039 | Vaults:2 | Killed Saint Roka
 46107 | Vaults:2 | Noticed Sojobo
 46135 | Vaults:2 | Paralysed by an air elemental for 1 turns
 46141 | Vaults:2 | Paralysed by an air elemental for 1 turns
 46148 | Vaults:2 | Paralysed by an air elemental for 1 turns
 46160 | Vaults:2 | Killed Sojobo
 46340 | Vaults:2 | Identified the +5 ring mail "Yketanaff" {rCorr MP-9 Int+2}
                  | (Okawaru gifted it to you on level 2 of the Vaults)
 46340 | Vaults:2 | Received a gift from Okawaru
 46959 | Vaults:2 | Found a staircase to the Crypt.
 47119 | Vaults:3 | Reached skill level 26 in Shields
 47499 | Vaults:3 | Identified the +4 plate armour of Qiam Xia {Will+}
 48018 | Vaults:3 | Reached XP level 21. HP: 206/206 MP: 21/21
 48531 | Vaults:4 | Received a gift from Okawaru
 48677 | Vaults:3 | Reached skill level 27 in Shields
 49134 | Vaults:4 | Received a gift from Okawaru
 49513 | Vaults:4 | Identified the staff of cold "Ostier" {rF- rC+ Int+5}
 49577 | Vaults:4 | Acquired 850 gold pieces
 49644 | Vaults:5 | Entered Level 5 of the Vaults
 49675 | Vaults:4 | Received a gift from Okawaru
 49704 | Vaults:5 | Noticed a golden dragon
 49753 | Vaults:5 | Killed a golden dragon
 49826 | Vaults:5 | Killed by an exploding vault warden... ignited by their
                  | inner flame

Illustrated notes

Levels and vault maps discovered:
D:1:      onia_arrival_pentagram, layout_basic, fountainhead,
          minmay_misc_feat_more_columns
D:2:      layout_loops_cross
D:3:      layout_basic
D:4:      layout_cave_pools, slow_altar_2, kennysheep_orc_chapel
D:5:      layout_basic, nicolae_ashenzari_skybound, tso_metal_star,
          gup_sewer_entry_glass, serial_undead, serial_undead_b,
          serial_undead_b, serial_undead_e, serial_undead_d,
          nicolae_kite_square_tiling_tiny
D:6:      layout_loops_ring, chequers_temple_overflow_minitemple, minivault_24,
          uniq_duvessa, uniq_eustachio, uniq_crazy_yiuf_cottage
D:7:      layout_basic, minmay_temple_entry_proselytizer
D:8:      layout_rooms, mainiacjoe_overflow_tiny_flanked, serial_bayou_pond_b
D:9:      layout_roguey, demons_altar, david_orc_4
D:10:     layout_loops_ring, nicolae_yredelemnul_corpse_copse,
          minmay_shop_grid_forest, uniq_urug, uniq_joseph
D:11:     layout_basic, david_lair_shrubbed, serial_shops, nicolae_shop_crystal,
          serial_curves, eino_curves_04, eino_curves_04
D:12:     layout_loops_ring, nicolae_gozag_cash_rules_everything_around_me,
          uniq_lodul
D:13:     hellmonk_ruined_rings, layout_loops_cross, minmay_more_statues
D:14:     layout_irregular_city, ximxim_vaults_locker_room,
          minmay_misc_feat_secret_circle, nicolae_diode_basic
D:15:     gammafunk_depths_entry_grave, layout_loops_ring, amethyst_killhole,
          uniq_louise, uniq_roxanne
Temple:   nicolae_temple_bog_church
Lair:1:   layout_cave_pods, serial_bayou_shore_b, grunt_megastairs_3, uniq_sonja
Lair:2:   layout_misc_corridors, guppyfry_snake_entry_island,
          gammafunk_ghost_split, infiniplex_staircase_pool_2
Lair:3:   layout_misc_corridors, shoals_dummy_entry,
          ebering_ghost_reflecting_pool, kennysheep_catoblepas_arena,
          serial_bayou_shore_a, grunt_megastairs_4, infiniplex_staircase_pool,
          lemuel_fruit_tree
Lair:4:   layout_loops_ring, pdpol_lair_cabin_in_the_woods
Lair:5:   grunt_lair_end_beastmaster, layout_cave_pods, slime_entry_1,
          serial_bayou_lagoon_a
Shoals:1: layout_shoals, st_sunken_temple
Shoals:2: layout_shoals, nicolae_shoals_dead_sea_scrolls
Shoals:3: layout_shoals, serial_shops, nicolae_shop_bloodbath_and_beyond,
          nicolae_shop_self_help
Shoals:4: shoals_end_grunt_ice, layout_shoals
Snake:1:  layout_rooms, serial_shops, shop, nicolae_snake_shapes,
          grunt_megastairs_5
Snake:2:  layout_onion, uniq_jorgrun
Snake:3:  layout_gridlike, serial_bayou_shore_b
Snake:4:  grunt_snake_rune_pools, layout_rooms, serial_shops, shop
Orc:1:    cheibrodos_orc_bank, layout_diamond_mine, basic_altar,
          guppyfry_orc_lava_fort, uniq_fannar
Orc:2:    pf_orc_diabolical, layout_caves, basic_altar,
          gammafunk_ghost_berserking_beasts, nooodl_orcs_dogs
Elf:1:    nicolae_elf_arrival_dilemma, layout_geoelf_grid,
          minmay_elf_demonology, kilobyte_mutagenic_chamber,
          roderic_lattice_octagonal_star, uniq_azrael
Elf:2:    nicolae_elf_blades_crystal_corner, layout_rooms, serial_shops, shop,
          amcnicky_mini_corridor_feature, minmay_misc_feat_five
Elf:3:    minmay_elf_hall_furrowed, layout_loops_cross
Vaults:1: v_alt_pattern_3, v_misc_3, nicolae_vaults_hexular_roomagon,
          minmay_guarded_unrand_guard_vaults, v_misc_27,
          nicolae_vaults_network_periphery, nicolae_vaults_sightless_eye,
          vaults_room_semicircle, nicolae_vaults_trapezoid_3,
          layout_vaults_omnigrid
Vaults:2: nicolae_vaults_little_squares_1, minmay_crypt_entry_simple_box,
          nicolae_vaults_storage_closets_1, nicolae_vaults_puzzle_piece,
          nicolae_vaults_network_star, nicolae_vaults_little_squares_1,
          vaults_dpeg_encased_lava, vaults_mumra_minichess_inversion,
          v_alt_pattern_2, v_misc_22, v_misc_2,
          nicolae_vaults_offset_grid_hallway_3, vaults_room_stairs_pillars,
          nicolae_vaults_trapezoid_3, layout_vaults_omnibox, uniq_donald,
          uniq_saint_roka, uniq_sojobo
Vaults:3: v_alt_pattern_6, hangedman_vaults_stitches, vaults_mumra_minichess,
          v_misc_9, nicolae_vaults_closet_pinwheel_5, nicolae_vaults_house_3,
          nicolae_vaults_diamond_1, v_rooms_1,
          nicolae_vaults_diagonal_hallway_8, nicolae_vaults_storage_room_doors,
          vaults_dpeg_ring, layout_vaults_big_room
Vaults:4: v_rooms_2, hangedman_vaults_pinch, hangedman_vaults_restitches,
          vaults_room_ringed_pool, st_smaller_cells,
          nicolae_vaults_mini_display_case,
          nicolae_vaults_offset_grid_hallway_1, v_rooms_6,
          nicolae_vaults_apartment_2, vaults_dpeg_cross,
          nicolae_vaults_network_quinsquares
          [nicolae_vaults_network_quincunx_subvault,
          nicolae_vaults_network_quincunx_subvault,
          nicolae_vaults_network_quincunx_subvault,
          nicolae_vaults_network_quincunx_subvault], layout_vaults_ring
Vaults:5

Skill      XL: |  1  2  3  4  5  6  7  8  9 10 11 12 13 14 15 16 17 18 19 20 21 |
---------------+----------------------------------------------------------------+-----
Fighting       | 4 5 6 7 8 10 12 14 15 17 18 20 21 23 | 23.1
Armour         | 4 5 7 9 10 11 13 14 15 16 17 18 19 | 19.7
Shields        | 4 6 7 8 9 12 14 16 18 20 22 24 26 27 | 27.0
Long Blades    | 4 5 7 8 10 11 14 15 16 17 18 19 20 21 23 | 23.0
Dodging        | 1 2 3 4 5 6 7 8 |  8.6
Evocations     | 1 2 |  2.1
Stealth        | 2 3 |  3.7
Axes           | 2 |  2.3
Invocations    | 1 2 |  2.0

Action                     |  1- 3 |  4- 6 |  7- 9 | 10-12 | 13-15 | 16-18 | 19-21 || total
---------------------------+-------+-------+-------+-------+-------+-------+-------++-------
  Melee: Long sword        |    95 |    67 |   478 |   427 |       |       |       ||  1067
         Headbutt          |    18 |    13 |    98 |   207 |   552 |   643 |   700 ||  2231
         Bite              |     5 |     5 |    67 |   116 |   302 |   363 |   391 ||  1249
         Scimitar          |       |       |       |   345 |  1817 |  1657 |       ||  3819
         Hand axe          |       |       |       |       |    19 |       |       ||    19
         Double sword      |       |       |       |       |       |   618 |  2066 ||  2684
 Invoke: Heroism           |       |       |     1 |     4 |    15 |    15 |     5 ||    40
  Evoke: Wand              |       |     1 |       |    12 |    17 |       |       ||    30
    Use: Potion            |     3 |       |     1 |     7 |     2 |     4 |     2 ||    19
         Scroll            |     1 |     2 |     5 |     2 |    19 |    17 |     9 ||    55
   Stab: Paralysed         |       |     3 |       |       |       |       |       ||     3
         Petrified         |       |       |       |       |     5 |       |       ||     5
         Petrifying        |       |       |       |       |     2 |       |       ||     2
 Armour: Scale mail        |    50 |       |       |       |       |       |       ||    50
         Chain mail        |       |    51 |   289 |   378 |   492 |       |       ||  1210
         Crystal plate arm |       |       |       |       |   224 |  1224 |  1028 ||  2476
  Dodge: Dodged            |    48 |    31 |   233 |   317 |   555 |   609 |   649 ||  2442
  Block: Buckler           |    27 |    17 |   140 |   256 |   597 |       |       ||  1037
         Reflection        |       |       |       |     1 |    18 |       |       ||    19
         Kite shield       |       |       |       |       |   475 |       |       ||   475
         Tower shield      |       |       |       |       |   236 |  2702 |  3218 ||  6156
